 Dungeon Crawl Stone Soup version 0.31-a0-981-geadf994542 (webtiles) character file.

Game seed: 3959357773544090534

14 wildpjah the Ruffian (level 2, -1/22 HPs)
             Began as a Djinni Shapeshifter on Oct 31, 2023.
             Slain by a hobgoblin (4 damage)
             ... on level 1 of the Dungeon.
             The game lasted 00:00:45 (252 turns).

wildpjah the Ruffian (Djinni Shapeshifter)           Turns: 252, Time: 00:00:45

Health: -1/22      AC:  2    Str: 13    XL:     2   Next: 60%
Gold:   10         EV: 12    Int: 11    God:
                   SH:  0    Dex: 12

rFire   + +          .
                       - Unarmed
rCold   x . .        (no shield)
rNeg    . . .        a - +0 animal skin
rPois   ∞            (helmet currently unavailable)
rElec   .            (cloak currently unavailable)
rCorr   .            (gloves currently unavailable)
SInv    .            (boots unavailable)
Will    .....        (no amulet)
Stlth   +            (no ring)
HPRegen 0.23/turn    (no ring)
MPRegen 0.00/turn

%: infuse magic (-2 HP)
@: beast-form, flying
A: beast (slay +1), flying, sickness immunity, fire resistance 2, cold
vulnerability 1, float, innate caster, HP casting, extra vitality 1
a: Begin Untransformation


You were on level 1 of the Dungeon.
You were a hulking beast.
You visited 1 branch of the dungeon, and saw 1 of its levels.

You collected 10 gold pieces.

Inventory:

Armour
 a - a +0 animal skin (worn)
Talismans
 c - a beast talisman
 d - a flux talisman
Scrolls
 e - a scroll of vulnerability {unknown}
 f - a scroll of immolation {unknown}
 h - a scroll of identify {unknown}
Potions
 b - a potion of lignification
 g - a potion of mutation {unknown}


   Skills:
 * Level 1.2 Fighting
 * Level 2.4 Dodging
 + Level 3.1 Unarmed Combat
 * Level 3.0 Shapeshifting You didn't know any spells. Your spell library was empty.

Dungeon Overview and Level Annotations

Branches:
Dungeon (1/15)

Altars:

Shops:
D:1 (


Innate Abilities, Weirdness & Mutations

You are a hulking beast.
Your limbs bulge with bestial killing power. (Slay +1)
You are flying.
You are immune to sickness and miasma.
You are immune to poison.
Your flesh is very heat resistant. (rF++)
You are vulnerable to cold. (rC-)
You float through the air rather than walking.
You learn spells naturally, not from books.
Your magical power is your life essence.
You have superior vitality. (+4 MHP)


Message History

Your Shapeshifting skill increases to level 3!
The frilled lizard bites you. The kobold hits you with a +0 dagger.
* * * LOW HITPOINT WARNING * * *
You barely miss the kobold. You punch the kobold, but do no damage.
The kobold closely misses you.
The frilled lizard bites you but does no damage.
You hit the kobold.
The kobold is moderately wounded.
The kobold hits you but does no damage. The frilled lizard misses you.
You hit the kobold.
You kill the kobold!
The frilled lizard bites you.
* * * LOW HITPOINT WARNING * * *
You hit the frilled lizard.
You kill the frilled lizard!
You see here a frilled lizard corpse.
Things that are here:
a +0 dagger; a kobold corpse You see here a frilled lizard corpse.
A goblin comes into view. It is wielding a +0 club.
The goblin shouts!
You see here a +1 heavy spear.
A ball python comes into view.
The ball python hisses angrily.
You hit the goblin.
You kill the goblin!
You hear a shout! x2
Found a club and 17 gold pieces.
The ball python completely misses you. The ball python barely misses you.
Things that are here:
a +0 club; a goblin corpse You hit the ball python.
You kill the ball python!
A rat comes into view.
A hobgoblin comes into view.
An endoplasm and a rat come into view.
The endoplasm quivers.
The hobgoblin hits you.
* * * LOW HITPOINT WARNING * * *
The rat barely misses you. The hobgoblin hits you.
You die...

#........#
#.....)...#.
.........#
#.####†####
.#########
#.#
##.####.. .#
#.#
#.........
.# #.#
#)###.####
#.###.# # #.
#.)# . .. #.
#..###....
.. #.hgJ.r.#
#.
##r#..#...
..#)$# ...#
## ##...
#.#. ### ..
. ##8#### #.
## .....[##


You could see an endoplasm, a hobgoblin and 2 rats.

Vanquished Creatures
  A dart slug (D:1)
  2 ball pythons (D:1)
  An endoplasm (D:1)
  A goblin (D:1)
  A hobgoblin (D:1)
  2 kobolds (D:1)
  2 quokkas (D:1)
  A frilled lizard (D:1)
11 creatures vanquished.

Notes
Turn   | Place    | Note
-------+----------+-------------------------------------------
     0 | D:1      | wildpjah the Djinni Shapeshifter began the quest for the
                  | Orb.
     0 | D:1      | Reached XP level 1. HP: 17/17 MP: 0/0
   193 | D:1      | Found Hal Otoh's Weapon Boutique.
   209 | D:1      | Reached XP level 2. HP: 22/22 MP: 0/0
   252 | D:1      | Slain by a hobgoblin

Illustrated notes

Levels and vault maps discovered:
D:1:      nagdon_arrival_double_spiral, layout_basic, serial_shops,
          nicolae_shop_hallway_stairs, minmay_octomino_c4

Skill      XL: |  1  2 |
---------------+-------+-----
Shapeshifting  | 3 |  3.0
Fighting       | |  1.2
Dodging        | |  2.4
Unarmed Combat | |  3.1

Action                     || total
---------------------------++-------
  Melee: Unarmed           ||    39
         Punch             ||     1
 Armour: Animal skin       ||    20
  Dodge: Dodged            ||    36

Table legend: (Time is in decaauts)
 A = Elapsed time spent in this place.
 B = Non-inter-level travel time spent in this place.
 C = Inter-level travel time spent in this place.
 D = Time resting spent in this place.
 E = Time spent auto-exploring this place.
 F = Levels seen in this place.
 G = Mean time per level.
                   A        B        C        D        E       F      G
               +--------+--------+--------+--------+--------+-----+--------+
         Total |    249 |    249 |      0 |      0 |    175 |   1 |  249.0 |
       Dungeon |    249 |    249 |      0 |      0 |    175 |   1 |  249.0 |
               +--------+--------+--------+--------+--------+-----+--------+

Top non-repeatable levels by time:
     D:1: 249 daAuts
